 Dungeon Crawl Stone Soup version 0.22-a0-110-g5b255cf (webtiles) character file.

74 barakagiga2 the Sneak (level 4, -3/23 HPs)
             Began as a Vine Stalker Assassin on Jan 27, 2018.
             Splashed by a jelly's acid (4 damage)
             ... on level 3 of the Dungeon.
             The game lasted 00:04:10 (1709 turns).

barakagiga2 the Sneak (Vine Stalker Assassin)       Turns: 1709, Time: 00:04:11

Health: -3/23      AC:  0    Str: 13    XL:     4   Next: 28%
Magic:  0/5        EV: 12    Int: 11    God:
Gold:   89         SH:  0    Dex: 17    Spells: 3/3 levels left

rFire    + . .     SeeInvis .   a - +2 dagger
rCold    x . .     Gourm    .   (no shield)
rNeg     . . .     Faith    .   c - +0 robe
rPois    .         Spirit   +   o - +0 helmet
rElec    .         Reflect  .   d - +0 cloak
rCorr    .         Harm     .   (no gloves)
MR       .....                  (no boots)
Stlth    +++.......             (no amulet)
HPRegen  0.47/turn              v - ring of fire
MPRegen  0.09/turn              (no ring)

@: corroded
A: fangs 2, regeneration 1, magic shield, antimagic bite, no potion heal 3, rot
immunity
a: no special abilities


You were on level 3 of the Dungeon.
You were not hungry.

You visited 1 branch of the dungeon, and saw 3 of its levels.

You collected 89 gold pieces.

Inventory:

Hand Weapons
 a - a +2 dagger (weapon)
 b - a +0 blowgun
Missiles
 e - 30 poisoned needles
 f - 2 curare-tipped needles
 r - 3 javelins (quivered)
Armour
 c - a +0 robe (worn)
 d - a +0 cloak (worn)
 o - a +0 helmet (worn)
Jewellery
 v - a ring of fire (left hand)
Scrolls
 h - 5 scrolls of identify {unknown}
 j - a scroll of enchant armour {unknown}
 k - 2 scrolls of remove curse {unknown}
 l - 4 scrolls of immolation {unknown}
 m - a scroll of amnesia {unknown}
 s - a scroll of fog {unknown}
 t - a scroll of blinking {unknown}
Potions
 i - a potion of heal wounds {unknown}
 n - a potion of haste {unknown}
 q - 2 potions of brilliance {unknown}
 u - a potion of lignification {unknown}
 w - a potion of invisibility {unknown}
 x - a potion of ambrosia {unknown}
Comestibles
 g - 5 rations
 p - 2 chunks of flesh


   Skills:
 - Level 1.7 Fighting
 + Level 2.3 Short Blades
 + Level 2.3 Throwing
 + Level 1.5 Dodging
 * Level 5.8 Stealth


You had 3 spell levels left.
You didn't know any spells.

Dungeon Overview and Level Annotations

Branches:
Dungeon (3/15)

Altars:


Innate Abilities, Weirdness & Mutations

You have extremely sharp teeth.
Your natural rate of healing is unusually fast.
When hurt, damage is shared between your health and your magic reserves.
Your bite disrupts and absorbs the magic of your enemies.
Potions cannot restore your health.
You are immune to rotting.


Message History

The jelly is heavily wounded.
The jelly closely misses you.
You hit the jelly.
Your hands burn!
* * * LOW HITPOINT WARNING * * *
The jelly is severely wounded.
The jelly barely misses you.
You hit the jelly but do no damage.
Your hands burn!
* * * LOW HITPOINT WARNING * * *
The jelly is severely wounded.
The jelly barely misses you.
You hit the jelly but do no damage.
Your hands burn!
* * * LOW HITPOINT WARNING * * *
You bite the jelly. You drain its power.
You feel invigorated.
The jelly is severely wounded.
The jelly closely misses you.
You hit the jelly but do no damage.
Your hands burn!
* * * LOW HITPOINT WARNING * * *
The jelly is severely wounded.
You hit the jelly but do no damage.
Your hands burn!
You die...

.. .# .# .# .
.# ##. .###
#..###...####
#.##.........
#.#..@J......
#.#........##
##<#.........#
#)...#.....##.
#.#####......
#....# ....##.
####.# #.....
# #.<.# #.##


You could see a jelly.

Vanquished Creatures
  2 adders (D:2)
  A worm (D:2)
  2 leopard geckos (D:1)
  7 bats
  4 goblins
  6 hobgoblins
  7 jackals
  7 kobolds
  2 quokkas (D:2)
  A ball python (D:1)
  3 frilled lizards
  9 rats
51 creatures vanquished.

Notes
Turn   | Place    | Note
-------+----------+-------------------------------------------
     0 | D:1      | barakagiga2 the Vine Stalker Assassin began the quest for the Orb.
     0 | D:1      | Reached XP level 1. HP: 11/11 MP: 2/2
   115 | D:1      | Reached skill level 5 in Stealth
   122 | D:1      | Reached skill level 1 in Dodging
   122 | D:1      | Reached XP level 2. HP: 14/15 MP: 3/3
   633 | D:1      | Reached XP level 3. HP: 18/18 MP: 4/4
  1250 | D:2      | Gained mutation: Your natural rate of healing is unusually fast. [Vine Stalker growth]
  1250 | D:2      | Reached XP level 4. HP: 14/23 MP: 3/5
  1708 | D:3      | HP: 1/23 [acid (1)]
  1709 | D:3      | Splashed by a jelly's acid

Vault maps used:
D:1:      mrwooster_arrival_statue_3
D:2:      first_ration
D:3:      nicolae_overflow_hidden_temple, uniq_ijyb

Skill      XL: |  1  2 |
---------------+-------+-----
Stealth        | 5 |  5.8
Dodging        | 1 |  1.5
Short Blades   | 2 |  2.3
Throwing       | 2 |  2.3
Fighting       | |  1.7

Action                   |  1- 3 |  4- 6 || total
-------------------------+-------+-------++-------
Melee: Dagger            |   128 |    27 ||   155
       Bite              |    23 |     5 ||    28
 Stab: Sleeping          |    11 |     4 ||    15
  Eat: Chunk             |     1 |     2 ||     3
Armor: Robe              |    36 |     5 ||    41
Dodge: Dodged            |    67 |    11 ||    78

Table legend:
 A = Spawn XP
 B = Non-spawn XP
 C = Spawn XP percentage of total XP
 D = Spawn monster count
 E = Non-spawn monster count
 F = Spawn count percentage of total count
 G = Total turns spent on level
                    A         B        C        D         E        F      G
               +---------+---------+-------+---------+---------+-------+---------
         Total |       0 |     106 |   0.0 |       0 |      51 |   0.0 |  1709
               +---------+---------+-------+---------+---------+-------+---------
           D:1 |       0 |      44 |   0.0 |       0 |      28 |   0.0 |   843
           D:2 |       0 |      61 |   0.0 |       0 |      22 |   0.0 |   846
           D:3 |       0 |       1 |   0.0 |       0 |       1 |   0.0 |    20
               +---------+---------+-------+---------+---------+-------+---------
